Map: Echo LE (Void)

Players

Geeden - Winner!

  • Race: Zerg Zerg

Bop

  • Race: Protoss Protoss

VOD

Have the link to the VOD?

Description

Time

  • Played on: May 7, 2015, 4:03 a.m.
  • Length: 6:06
Show
View Real Time Build Order
Export as new Build Order

Geeden Zerg - Winner!

Build Orders: Hatch First 

Get SALT Encoding   

  12  0:01  Drone  
  13  0:11  Drone  
  14  0:20  Extractor  
  14  0:21  Drone  
  14  0:22  Overlord  
  15  0:45  Hatchery  
  15  0:47  Drone  
  15  0:51  Drone  
  16  1:06  Spawning Pool  
  16  1:08  Drone  
  16  1:11  Drone  
  17  1:15  Drone  
  18  1:22  Drone  
  19  1:31  Overlord  
  19  1:41  Drone  
  20  1:53  Queen  
  22  1:54  Zergling x2  
  22  1:56  Queen  
  22  1:57  Drone  
  26  2:02  Drone  
  27  2:10  Drone  
  28  2:19  Drone  
  28  2:20  Drone  
  28  2:22  Extractor  
  29  2:23  Extractor  
  29  2:24  Roach Warren  
  29  2:25  Drone  
  28  2:34  Drone  
  28  2:36  Drone  
  32  2:40  Drone  
  31  2:48  Drone  
  31  2:50  Queen  
  34  2:55  Drone  
  34  2:56  Hatchery  
  33  3:00  Drone  
  33  3:05  Drone, Overlord  
  35  3:12  Lair  
  35  3:18  Overlord  
  35  3:24  Drone  
  35  3:25  Drone x2  
  42  3:34  Roach x2  
  42  3:35  Overlord  
  42  3:47  Drone x3  
  46  3:48  Drone x2  
  47  4:08  Drone  
  48  4:10  Glial Reconstitution  
  48  4:11  Overlord  
  48  4:14  Ravager x2  
  48  4:15  Roach x2  
  55  4:17  Drone x4  
  55  4:18  Drone x2, Extractor  
  55  4:19  Extractor  
  55  4:20  Drone  
  55  4:22  Drone  
  60  4:27  Roach x2  
  64  4:32  Roach x2  
  68  4:48  Roach x3  
  68  4:51  Overlord x2  
  68  4:52  Overlord x2  
  74  5:19  Roach x11  
  87  5:31  Roach x5  
Show
View Real Time Build Order
Export as new Build Order

Bop Protoss 

Build Orders: Nexus First 

Get SALT Encoding   

  12  0:01  Probe  
  13  0:13  Probe  
  14  0:41  Nexus  
  14  0:52  Pylon  
  14  1:10  Probe (Chrono Boost), Gateway  
  15  1:19  Assimilator  
  15  1:21  Probe (Chrono Boost)  
  16  1:27  Probe (Chrono Boost)  
  17  1:38  Probe (Chrono Boost)  
  18  1:44  Probe (Chrono Boost)  
  20  1:55  Probe (Chrono Boost)  
  20  1:57  Cybernetics Core  
  20  1:58  Probe (Chrono Boost)  
  21  2:03  Gateway  
  21  2:11  Gateway  
  21  2:15  Gateway  
  21  2:16  Probe (Chrono Boost)  
  21  2:22  Probe (Chrono Boost)  
  23  2:25  Gateway  
  23  2:27  Probe (Chrono Boost)  
  25  2:30  Probe (Chrono Boost)  
  25  2:34  Warp Gate (Chrono Boost)  
  25  2:35  Adept  
  29  2:38  Probe x2 (Chrono Boost)  
  29  2:46  Probe x2  
  30  2:58  Probe x2 (Chrono Boost)  
  33  3:07  Pylon  
  33  3:09  Adept (Chrono Boost)  
  33  3:12  Adept (Chrono Boost)  
  35  3:13  Probe (Chrono Boost)  
  36  3:22  Pylon  
  36  3:25  Probe  
  37  3:31  Gateway  
  37  3:33  Gateway  
  37  3:42  Probe (Chrono Boost)  
  37  3:47  Probe (Chrono Boost)  
  39  3:48  Gateway  
  39  3:50  Gateway  
  39  3:52  Probe (Chrono Boost)  
  39  3:53  Gateway  
  41  3:56  Probe (Chrono Boost)  
  41  3:59  Probe  
  42  4:05  Pylon  
  42  4:06  Probe  
  43  4:12  Assimilator  
  43  4:18  Pylon  
  43  4:28  Probe  
  43  4:29  Probe  
  45  4:34  Stalker x4  
  53  4:40  Pylon  
  53  4:47  Pylon x2  
  53  4:49  Adept x3  
  59  4:57  Adept  
  61  5:04  Adept x3  
  67  5:09  Stalker x2  
  67  5:16  Stalker  
  61  5:25  Adept x2  
  61  5:26  Adept  
  61  5:33  Stalker  
  57  5:40  Adept  
  57  5:42  Probe x2  
  59  5:49  Zealot x5  
  57  5:59  Stalker  
Tags
 
Add a new tag
Caveats
  • Supply blocks, unpowered buildings, or Contaminate may cause inaccurate times.
  • Supply counts are checked every 10 seconds.